 Dungeon Crawl Stone Soup version 0.32-a0-918-g0f22ef8d61 (webtiles) character file.

Game seed: 2174363266494360950

888 Fodor the Covered (level 7, -7/61 HPs)
             Began as a Minotaur Fighter on Apr 10, 2024.
             Mangled by an ice beast (14 damage)
             ... on level 6 of the Dungeon.
             The game lasted 00:11:32 (4441 turns).

Fodor the Covered (Minotaur Fighter)                Turns: 4441, Time: 00:11:33

Health: -7/61      AC: 10    Str: 22    XL:     7   Next: 77%
Magic:  6/6        EV:  9    Int:  5    God:
Gold:   333        SH:  4    Dex: 10    Spells: 6/6 levels left

rFire   . . .        a - +0 war axe
rCold   . . .        c - +0 buckler
rNeg    . . .        b - +0 scale mail
rPois   .            (helmet restricted)
rElec   .            (no cloak)
rCorr   .            k - +0 pair of gloves
SInv    .            q - +0 pair of boots
Will    .....        (no amulet) Stlth
                     (no ring)
HPRegen 0.30/turn    (no ring)
MPRegen 0.10/turn

%: no passive effects
@: no status effects
A: horns 2, retaliatory headbutt
a: no special abilities


You were on level 6 of the Dungeon.
You visited 1 branch of the dungeon, and saw 6 of its levels.

You collected 333 gold pieces.

Inventory:

Hand Weapons
 a - a +0 war axe (weapon)
 y - a +0 arbalest
Missiles
 p - 7 boomerangs (quivered)
Armour
 b - a +0 scale mail (worn)
 c - a +0 buckler (worn)
 k - a +0 pair of gloves (worn)
 q - a +0 pair of boots (worn)
Jewellery
 o - an amulet of faith
Wands
 m - a wand of paralysis (5)
 n - a wand of flame (21)
Scrolls
 e - a scroll of poison
 f - 2 scrolls of blinking
 j - a scroll of revelation
 r - a scroll of amnesia
 s - a scroll of fear {unknown}
 v - 3 scrolls of enchant armour
 w - a scroll of teleportation {unknown}
 x - a scroll of silence {unknown}
Potions
 d - a potion of might
 g - a potion of degeneration {unknown}
 h - a potion of berserk rage {unknown}
 i - 2 potions of heal wounds {unknown}
 l - a potion of curing {unknown}
 t - a potion of brilliance {unknown}
 u - a potion of mutation {unknown}


   Skills:
 + Level 5.1 Fighting
 + Level 6.3 Axes
 + Level 3.2 Throwing
 + Level 6.6 Armour
 + Level 2.4 Dodging
 + Level 4.3 Shields


You had 6 spell levels left.
You didn't know any spells.
Your spell library contained the following spells:

 Spells                   Type           Power      Damage    Failure   Level
 Magic Dart               Conj           0%         1d3       83%         1
 Dazzling Flash           Conj/Hex       0%         N/A       99%         3
 Orb of Destruction       Conj           0%         9d5       100%        7


Dungeon Overview and Level Annotations

Branches:
Dungeon (6/15)             Temple (0/1) D:6

Altars:
Yredelemnul

Shops:
D:4 [

Annotations:
D:4 1 transporter, Fodor's ghost, amateur MiFi


Innate Abilities, Weirdness & Mutations

You have a pair of horns on your head.
You reflexively headbutt those who attack you in melee.


Message History

The ogre moves out of view.
Found a staircase to the Ecumenical Temple.
There is an open door here.
The ice beast barely misses you.
You slash the ogre!
The ogre is moderately wounded.
You hit the ice beast. You block the ice beast's attack.
The ogre hits you with a +0 giant spiked club!
You hit the ogre.
The ogre is heavily wounded.
You closely miss the ice beast. The ice beast barely misses you.
The ogre closely misses you.
You hit the ogre. Your headbutt misses the ogre.
The ogre is heavily wounded.
You hit the ice beast but do no damage.
The ice beast hits you but does no damage.
The ice beast barely misses you. You furiously retaliate!
You headbutt the ice beast!
The ogre hits you with a +0 giant spiked club!!
The ice beast attacks as it pursues you!
The ice beast hits you but does no damage.
There is an open door, spattered with blood here.
You hit the ogre. Your headbutt misses the ogre.
The ogre is severely wounded.
You block the ogre's attack.
You slash the ogre!
The ogre is almost dead.
The ogre hits you with a +0 giant spiked club!
* * * LOW HITPOINT WARNING * * *
You hit the ogre.
You kill the ogre!
You hit the ice beast. Your headbutt misses the ice beast.
The ice beast is severely wounded.
The ice beast misses you.
You closely miss the ice beast.
The ice beast is severely wounded.
The ice beast barely misses you. The ice beast hits you.
* * * LOW HITPOINT WARNING * * *
The ice beast freezes you!
You die...

###+### #.....#
####.....# #..#.....#
##.@Y..>..+ #.
###...#.....#
#..#######...#.#.....#
##..........#...#.....#
.......<.......########
##.#######..#### #..#
#..# #..#


You could see an ice beast.

Vanquished Creatures
  An ice beast (D:5)
  3 ogres
  A kobold brigand (D:4)
  A scorpion (D:5)
  3 hounds
  A jelly (D:6)
  2 iguanas (D:5)
  3 orc wizards
  5 adders
  A shadow imp (D:5)
  2 ufetubi (D:5)
  A dart slug (D:2)
  3 ribbon worms
  12 orcs
  2 bats
  5 endoplasms
  4 giant cockroaches
  8 goblins
  11 hobgoblins
  6 kobolds
  2 quokkas (D:4)
  9 ball pythons
  6 frilled lizards
  6 rats
98 creatures vanquished.

Notes
Turn   | Place    | Note
-------+----------+-------------------------------------------
     0 | D:1      | Fodor the Minotaur Fighter began the quest for the Orb.
     0 | D:1      | Reached XP level 1. HP: 19/19 MP: 0/0
   137 | D:1      | Reached XP level 2. HP: 27/27 MP: 1/1
   943 | D:2      | Got Oxtal's Dissertation on Blasting
   963 | D:2      | Reached XP level 3. HP: 33/33 MP: 2/2
  1883 | D:3      | Reached XP level 4. HP: 28/40 MP: 3/3
  1979 | D:3      | Reached skill level 5 in Armour
  1986 | D:3      | Reached skill level 1 in Dodging
  2482 | D:3      | Reached XP level 5. HP: 46/46 MP: 4/4
  2930 | D:4      | Found a transporter.
  2931 | D:4      | Noticed Fodor's ghost (amateur MiFi)
  2931 | D:4      | Noticed an ogre
  2932 | D:4      | Noticed an ogre
  2933 | D:4      | Noticed an ogre
  3081 | D:4      | Found a basalt altar of Yredelemnul.
  3119 | D:4      | Reached XP level 6. HP: 53/53 MP: 5/5
  3153 | D:4      | Found Ruxaifitt's Antique Armour Shoppe.
  3770 | D:5      | Entered Level 5 of the Dungeon
  3778 | D:5      | Reached skill level 1 in Throwing
  3792 | D:5      | Reached skill level 5 in Axes
  4018 | D:5      | Reached XP level 7. HP: 55/60 MP: 6/6
  4148 | D:5      | Reached skill level 5 in Fighting
  4429 | D:6      | Found a staircase to the Ecumenical Temple.
  4441 | D:6      | Mangled by an ice beast

Illustrated notes

Levels and vault maps discovered:
D:1:      dpeg_arrival_tiny_g, layout_basic
D:2:      layout_loops_corners
D:3:      layout_basic, minmay_cut_off
D:4:      layout_basic, lemuel_crystal_altar, gammafunk_ghost_smash,
          serial_shops, shop
D:5:      layout_basic
D:6:      layout_loops_ring, temple_green, gammafunk_ghost_necromancy,
          roderic_lattice_a, chequers_arboretum, roderic_serpentine_path,
          uniq_grinder

Skill      XL: |  1  2  3  4  5  6  7 |
---------------+----------------------+-----
Armour         | 4 5 6 |  6.6
Axes           | 3 4 5 6 |  6.3
Fighting       | 4 5 |  5.1
Dodging        | 1 2 |  2.4
Shields        | 4 |  4.3
Throwing       | 2 3 |  3.2

Action                     |  1- 3 |  4- 6 |  7- 9 || total
---------------------------+-------+-------+-------++-------
  Melee: War axe           |   105 |   104 |    25 ||   234
         Headbutt          |     9 |    17 |       ||    26
  Throw: Boomerang         |       |    39 |     6 ||    45
    Use: Scroll            |       |       |     5 ||     5
 Armour: Scale mail        |    87 |    92 |    17 ||   196
  Dodge: Dodged            |    42 |    44 |    15 ||   101
  Block: Buckler           |    15 |    23 |     3 ||    41

Table legend: (Time is in decaauts)
 A = Elapsed time spent in this place.
 B = Non-inter-level travel time spent in this place.
 C = Inter-level travel time spent in this place.
 D = Time resting spent in this place.
 E = Time spent auto-exploring this place.
 F = Levels seen in this place.
 G = Mean time per level.
                   A        B        C        D        E       F      G
               +--------+--------+--------+--------+--------+-----+--------+
         Total |   4530 |   4465 |     65 |      0 |   3357 |   6 |  755.0 |
       Dungeon |   4530 |   4465 |     65 |      0 |   3357 |   6 |  755.0 |
               +--------+--------+--------+--------+--------+-----+--------+

Top non-repeatable levels by time:
     D:3: 1030 daAuts
     D:4: 987 daAuts
     D:1: 951 daAuts
     D:2: 874 daAuts
     D:5: 656 daAuts
     D:6: 30 daAuts
